 Dungeon Crawl Stone Soup version 0.28.0 (webtiles) character file.

Game seed: 3894305760109060620

183 Akaron the Sneak (level 5, 0/32 HPs)
             Began as an Octopode Enchanter on Feb 13, 2022.
             Slain by Ijyb (6 damage)
             ... on level 3 of the Dungeon.
             The game lasted 00:02:59 (2275 turns).

Akaron the Sneak (Octopode Enchanter)               Turns: 2275, Time: 00:03:00

Health: 0/32       AC:  1    Str:  7    XL:     5   Next: 62%
Magic:  7/9        EV: 13    Int: 18    God:
Gold:   132        SH:  0    Dex: 14    Spells: 1/9 levels left

rFire   . . .      SeeInvis +   a - +1 dagger
rCold   . . .      Faith    .   (no shield)
rNeg    . . .      Spirit   .   (helmet restricted)
rPois   .          Reflect  .   (no amulet)
rElec   .          Harm     .   g - ring of see invisible
rCorr   .          Rampage  .   (no ring)
Will    .....                   (no ring)
Stlth   ++++......              (no ring)
HPRegen 0.10/turn               (no ring)
MPRegen 0.11/turn               (no ring)
                                (no ring)
                                (no ring)

@: no status effects
A: almost no armour, amphibious, 8 rings, camouflage 1, gelatinous body 1,
(nimble swimmer 1), tentacles
a: no special abilities


You were on level 3 of the Dungeon.
You visited 1 branch of the dungeon, and saw 3 of its levels.

You collected 132 gold pieces.

Inventory:

Hand Weapons
 a - a +1 dagger (weapon)
Jewellery
 g - a ring of see invisible (left tentacle)
Scrolls
 c - a scroll of vulnerability {unknown}
 d - a scroll of fear {unknown}
 f - a scroll of blinking {unknown}
Potions
 b - a potion of invisibility
 e - a potion of mutation {unknown}
 h - a potion of attraction {unknown}


   Skills:
 + Level 0.8 Fighting
 + Level 1.9 Short Blades
 + Level 2.4 Dodging
 + Level 6.1 Stealth
 + Level 2.7 Spellcasting
 + Level 3.7 Hexes
 + Level 0.4 Ice Magic


You had one spell level left.
You knew the following spells:

 Your Spells              Type           Power      Damage    Failure   Level
a - Ensorcelled Hibernat  Hex/Ice        18%        N/A       11%         2
b - Confusing Touch       Hex            16%        N/A       11%         3
c - Tukima's Dance        Hex            16%        N/A       11%         3

Your spell library contained the following spells:

 Spells                   Type           Power      Damage    Failure   Level
 Dazzling Flash           Conj/Hex       18%        N/A       24%         3
 Corpse Rot               Necr/Air       4%         N/A       26%         2
 Poisonous Vapours        Pois/Air       4%         N/A       26%         2


Dungeon Overview and Level Annotations

Branches:
Dungeon (3/15)

Altars:
Wu Jian

Shops:
D:2 [

Annotations:
D:3 Ijyb


Innate Abilities, Weirdness & Mutations

You cannot wear most types of armour.
You are amphibious.
You can wear up to eight rings at the same time.
Your skin changes colour to match your surroundings (Stealth+).
Your rubbery body absorbs attacks. (AC +1, EV +1)
((You are camouflaged when in or above water. (Stealth+)))
You have tentacles for arms and can constrict up to eight enemies at once.


Message History

The ball python closely misses you.
You miscast Ensorcelled Hibernation.
You are very lightly contaminated with residual magic.
Nothing appears to happen.
Ijyb closely misses you. The goblin hits you with a +0 club.
The ball python barely misses you. The ball python grabs you.
The ball python constricts you.
The ball python looks drowsy...
The ball python loses its grip on you. Ijyb hits you with a +0 dagger.
The goblin closely misses you.
The helpless ball python fails to defend itself.
You impale the ball python!!
You kill the ball python!
Ijyb zaps a wand.
The puff of flame hits you! The goblin hits you with a +0 club.
Ijyb zaps a wand.
The puff of flame hits you.
* * * LOW HITPOINT WARNING * * *
The goblin barely misses you.
You see here a ball python corpse.
There is a stone staircase leading up here.
Your magical contamination has completely faded away.
You climb upwards.
There is a stone staircase leading down here.
You start resting.
Magic restored.
You start resting.
HP restored.
You climb downwards.
Level annotation: Ijyb The goblin hits you with a +0 club.
The goblin closely misses you.
There is a stone staircase leading up, spattered with blood here.
You completely miss the goblin. Your grab misses the goblin.
Your squeeze misses the goblin.
Ijyb zaps a wand.
The puff of flame hits you!
You completely miss the goblin. Your grab misses the goblin.
You squeeze the goblin.
You kill the goblin!
Ijyb resists with some effort.
Ijyb zaps a wand.
The puff of flame hits you!
* * * LOW HITPOINT WARNING * * *
You hit Ijyb but do no damage. Your grab misses Ijyb. Ijyb barely misses you.
You closely miss Ijyb. You grab Ijyb. You constrict Ijyb, but do no damage.
Ijyb hits you with a +0 dagger.
You die...

#...#.# #...#.#
#!..#.# . #...#.#
...
#####...#.###....
#.......#.....#..
#...††.......
###.###g###.#######
......>@# #.#
#######.# #.# #.#
#.# #.# #.# #.# #.#
#.# #.# #.# #.#


You could see Ijyb.

Vanquished Creatures
  A necrophage (D:2)
  A jelly (D:2)
  A gnoll (D:1)
  2 adders
  A worm (D:2)
  5 bats
  3 endoplasms (D:1)
  A giant cockroach (D:1)
  6 goblins
  8 hobgoblins
  4 ball pythons
  3 frilled lizards
  A kobold (D:2)
  2 rats (D:1)
39 creatures vanquished.

Notes
Turn   | Place    | Note
-------+----------+-------------------------------------------
     0 | D:1      | Akaron the Octopode Enchanter began the quest for the Orb.
     0 | D:1      | Reached XP level 1. HP: 11/11 MP: 3/3
   108 | D:1      | Reached XP level 2. HP: 8/17 MP: 5/5
   111 | D:1      | Learned a level 2 spell: Ensorcelled Hibernation
   372 | D:1      | Found a faded altar of an unknown god.
   672 | D:1      | Reached XP level 3. HP: 1/21 MP: 1/6
  1179 | D:2      | Learned a level 3 spell: Confusing Touch
  1225 | D:2      | Noticed a necrophage
  1236 | D:2      | Killed a necrophage
  1237 | D:2      | Reached skill level 5 in Stealth
  1237 | D:2      | Reached XP level 4. HP: 7/27 MP: 7/7
  1237 | D:2      | Reached XP level 5. HP: 9/32 MP: 8/8
  1488 | D:2      | Learned a level 3 spell: Tukima's Dance
  1801 | D:2      | Found Jooteagh's Armour Boutique.
  1905 | D:2      | Found an ornate altar of the Wu Jian Council.
  1915 | D:2      | Reached skill level 6 in Stealth
  1992 | D:3      | Noticed Ijyb
  2275 | D:3      | Slain by Ijyb

Illustrated notes

Levels and vault maps discovered:
D:1:      nzn_arrival_crosshair, layout_rooms,
          hellmonk_ecumenical_altar_crossroads
D:2:      layout_loops_ring, basic_altar, serial_shops, nicolae_square_shop
D:3:      wander_river, layout_loops_ring, old_standard_altar, uniq_ijyb

Skill      XL: |  1  2  3  4  5 |
---------------+----------------+-----
Stealth        | 5 6 |  6.1
Fighting       | |  0.8
Short Blades   | |  1.9
Dodging        | |  2.4
Spellcasting   | |  2.7
Hexes          | |  3.7
Ice Magic      | |  0.4

Action                   |  1- 3 |  4- 6 || total
-------------------------+-------+-------++-------
Melee: Dagger            |    61 |    22 ||    83
       Tentacles         |    10 |     3 ||    13
       Constrict         |     9 |     5 ||    14
 Cast: Ensorcelled Hiber |     6 |     3 ||     9
 Stab: Sleeping          |     9 |     7 ||    16
Armor: Skin              |     3 |     1 ||     4
Dodge: Dodged            |    42 |    16 ||    58
